 Dungeon Crawl Stone Soup version 0.16-a0-1301-gf74d490 (webtiles) character file.

910 Ololoev the Slinger (level 8, 0/49 HPs)
             Began as a Halfling Hunter on Oct 15, 2014.
             Slain by Edmund
             ... wielding a +5 flail of protection
              (5 damage)
             ... on level 5 of the Dungeon.
             The game lasted 00:27:03 (6102 turns).

Ololoev the Slinger (Halfling Hunter)               Turns: 6102, Time: 00:27:03

Health: 0/49       AC:  4    Str: 14    XL:     8   Next: 30%
Magic:  9/9        EV: 13    Int: 15    God:
Gold:   200        SH:  0    Dex: 15    Spells: 0 memorised, 7 levels left

rFire  + + .     SeeInvis +     b - +1 hunting sling
rCold  + . .     Clarity  .     d - +0 leather armour
rNeg   . . .     SustAb   .     (no shield)
rPois  +         Gourm    .     u - +0 helmet
rElec  +         Spirit   .     (no cloak)
rCorr  +         Warding  .     (no gloves)
rMut   .         Stasis   .     (no boots)
MR     .....                    (no amulet)
Stlth  ++........               L - ring of protection from fire
                                t - ring of see invisible

@: brilliant, resistant, not resistant to hostile enchantments, unstealthy
A: mutation resistance 1
a: no special abilities


You were on level 5 of the Dungeon.
You were not hungry.

You visited 1 branch of the dungeon, and saw 6 of its levels.

You collected 455 gold pieces.
You spent 255 gold pieces at shops.

Inventory:

Hand weapons
 a - a +0 cutlass of electrocution
 b - a +1 hunting sling (weapon)
 q - a +1 long sword of pain
Missiles
 c - 97 sling bullets (quivered)
 l - 165 stones
Armour
 d - a +0 leather armour (worn)
 u - a +0 helmet (worn)
Jewellery
 t - a ring of see invisible (left hand)
 L - a ring of protection from fire (right hand)
Magical devices
 z - a wand of frost (26)
 B - a wand of teleportation (0)
 K - a wand of slowing (36)
Scrolls
 g - a scroll of recharging {unknown}
 h - 4 scrolls of remove curse
 j - 3 scrolls of teleportation
 p - a scroll of noise {unknown}
 r - 3 scrolls of magic mapping {unknown}
 s - 6 scrolls of identify {unknown}
 v - a scroll of random uselessness {unknown}
 w - 2 scrolls of immolation {unknown}
 x - a scroll of enchant weapon {unknown}
 y - 2 scrolls of amnesia {unknown}
 G - 2 scrolls of enchant armour {unknown}
 H - a scroll of fear {unknown}
 J - a scroll of blinking {unknown}
Potions
 e - 4 potions of brilliance
 i - 2 potions of curing {unknown}
 k - a potion of resistance
 m - a potion of heal wounds {unknown}
 n - 2 potions of magic {unknown}
 o - a potion of beneficial mutation {unknown}
 A - a potion of porridge
 D - a potion of flight {unknown}
 I - 2 potions of agility {unknown}
Comestibles
 f - 3 bread rations
 C - a slice of pizza
 E - a meat ration


   Skills:
 - Level 1.7 Fighting
 * Level 2.2 Long Blades
 - Level 12.7 Slings
 + Level 2.8 Dodging
 - Level 1.2 Stealth
 - Level 0.9 Evocations


You had 7 spell levels left.
You didn't know any spells.

Dungeon Overview and Level Annotations

Branches:
Dungeon (6/15)
 Temple: D:4-7

Altars:
Ashenzari
Gozag
Kikubaaqudgha
Makhleb
Ru
Zin

Shops:
D:5 :(%%(

Annotations:
D:5 Edmund


Innate Abilities, Weirdness & Mutations

You are small and have problems with some larger weapons.
You are somewhat resistant to further mutation.


Message History

You are too injured to fight recklessly!
Firing (i - inventory. (,) - cycle):
c - 98 sling bullets (quivered)
Press: ? - help, Shift-Dir - straight line, f/p - Edmund
Aim: Edmund, wielding a runed flail and wearing a chain mail (heavily wounded)
You shoot a sling bullet. The sling bullet hits Edmund.
Edmund is heavily wounded.
Edmund gestures with his flail.
There is a stone staircase leading up here.
Edmund says, "I'm quite good with sums, too."
Edmund hits you with a runed flail!
* * * LOW HITPOINT WARNING * * *
You climb upwards.
There is a stone staircase leading down here.
Drink which item? (? for menu, Esc to quit)
You feel clever all of a sudden.
It was a potion of brilliance.
Edmund closely misses you.
Drink which item? (? for menu, Esc to quit)
You feel protected.
It was a potion of resistance.
Edmund hits you with a runed flail.
You die...

######.# ##.#... #.# ##..#..#
#.# #...#... ####.#####.....#.
#############.......##.....#.
###..........##.......##.......
##..#...>....)..................
#.#...#........#).............##
#...#....#####@@...<...#...#....
#.#...#..# ######..##.......#.
##..#....# #...........##.#+
##.....## #...........##.+∩
#...### #...∩..........#' #####
#.....%.<......).
#...........##.#.
#.........#.##.#.
#...........##.#.


You could see Edmund.

Vanquished Creatures
  A phantom (D:4)
  Sigmund (D:3)
  2 scorpions
  A jelly (D:5)
  2 hounds
  2 orc wizards (D:5)
  Natasha (twice) (D:4)
  6 worker ants
  7 adders
  9 gnolls (D:4)
  A giant mite (D:3)
  5 worms
  4 giant geckos
  3 oozes
  An orc (D:5)
  A ball python (D:2)
  5 giant cockroaches
  38 goblins
  30 hobgoblins
  4 jackals (D:4)
  13 kobolds
  11 bats
  7 giant newts
  A quokka (D:2)
  A quokka skeleton (D:5)
  6 rats
164 creatures vanquished.

Vanquished Creatures (others)
  A human (D:4)
1 creature vanquished.

Grand Total: 165 creatures vanquished

Notes
Turn   | Place    | Note
--------------------------------------------------------------
     0 | D:1      | Ololoev, the Halfling Hunter, began the quest for the Orb.
     0 | D:1      | Reached XP level 1. HP: 14/14 MP: 1/1
   103 | D:1      | Reached skill level 6 in Slings
   249 | D:1      | Reached XP level 2. HP: 14/19 MP: 2/2
  1078 | D:1      | Reached skill level 7 in Slings
  1078 | D:1      | Reached XP level 3. HP: 22/24 MP: 3/3
  1550 | D:2      | Found a shattered altar of Ashenzari.
  1583 | D:2      | Found a burning altar of Makhleb.
  1696 | D:2      | Reached XP level 4. HP: 25/29 MP: 4/4
  1985 | D:2      | Reached skill level 8 in Slings
  2601 | D:3      | Reached XP level 5. HP: 34/34 MP: 5/5
  2754 | D:3      | Noticed Sigmund
  2761 | D:3      | Killed Sigmund
  2761 | D:3      | Reached skill level 9 in Slings
  2761 | D:3      | Reached XP level 6. HP: 28/39 MP: 6/6
  3043 | D:3      | Reached skill level 10 in Slings
  3608 | D:4      | Noticed Natasha
  3613 | D:4      | Killed Natasha
  3613 | D:4      | Reached skill level 11 in Slings
  3613 | D:4      | Reached XP level 7. HP: 41/44 MP: 7/7
  3938 | D:4      | Noticed Natasha
  3942 | D:4      | Killed Natasha
  4012 | D:4      | Found an ancient bone altar of Kikubaaqudgha.
  4012 | D:4      | Noticed a human
  4016 | D:4      | Killed a human
  4655 | D:4      | Reached skill level 12 in Slings
  4815 | D:4      | Found a shattered altar of Ashenzari.
  5147 | D:4      | Reached XP level 8. HP: 45/49 MP: 8/8
  5380 | D:5      | Entered Level 5 of the Dungeon
  5408 | D:5      | Found an opulent altar of Gozag.
  5410 | D:5      | Found a sacrificial altar of Ru.
  5414 | D:5      | Found a glowing silver altar of Zin.
  5476 | D:5      | Found Pric's Book Shop.
  5519 | D:5      | Found Shanauf's Food Emporium.
  5553 | D:5      | Found Meptuloh's Antique Weapon Boutique.
  5562 | D:5      | Bought a runed long sword for 87 gold pieces
  5693 | D:5      | Reached skill level 1 in Long Blades
  5728 | D:5      | Found Daulepi's Weapon Emporium.
  5731 | D:5      | Bought a +0 cutlass of electrocution for 168 gold pieces
  5762 | D:5      | Found Ixuacvem's Food Shoppe.
  6056 | D:6      | Noticed Edmund
  6102 | D:5      | Slain by Edmund

Action                   |  1- 3 |  4- 6 |  7- 9 || total
-------------------------+-------+-------+-------++-------
Melee: Short sword       |    78 |       |       ||    78
 Fire: Hunting sling     |    49 |   169 |   363 ||   581
  Use: Scroll            |       |       |     2 ||     2
       Potion            |       |       |     2 ||     2
 Stab: Sleeping          |     3 |       |       ||     3
       Distracted        |     1 |       |       ||     1
  Eat: Chunk             |     2 |     2 |     5 ||     9
       Beef jerky        |       |     1 |       ||     1
       Bread ration      |       |     1 |       ||     1
